 Dungeon Crawl Stone Soup version 0.29-a0-221-gceb61267dd (webtiles) character file.

Game seed: 1004735489733196504

877 Azmakalis the Tainter (level 8, -2/46 HPs)
             Began as an Octopode Venom Mage on Feb 26, 2022.
             Slain by a black bear (3 damage)
             ... on level 4 of the Dungeon.
             The game lasted 00:16:55 (7418 turns).

Azmakalis the Tainter (Octopode Venom Mage)         Turns: 7418, Time: 00:16:55

Health: -2/46      AC:  1    Str:  8    XL:     8   Next: 4%
Magic:  4/14       EV: 13    Int: 19    God:
Gold:   239        SH:  0    Dex: 12    Spells: 5/15 levels left

rFire   + . .      SeeInvis .   g - +2 whip (elec)
rCold   . . .      Faith    .   (no shield)
rNeg    . . .      Spirit   .   (helmet restricted)
rPois   .          Reflect  .   (no amulet)
rElec   .          Harm     .   C - ring of resist corrosion
rCorr   +          Rampage  .   F - ring of protection from fire
Will    .....                   n - ring of flight
Stlth   +++.......              (no ring)
HPRegen 0.15/turn               (no ring)
MPRegen 0.14/turn               (no ring)
                                (no ring)
                                (no ring)

@: flying
A: almost no armour, amphibious, 8 rings, camouflage 1, gelatinous body 1,
(nimble swimmer 1), tentacles
a: no special abilities


You were on level 4 of the Dungeon.
You visited 2 branches of the dungeon, and saw 6 of its levels.

You collected 239 gold pieces.

Inventory:

Hand Weapons
 g - a +2 whip of electrocution (weapon)
 r - a +0 trident of freezing
Jewellery
 d - an amulet of faith {Faith, !P}
 n - a ring of flight (on tentacle)
 C - a ring of resist corrosion (left tentacle)
 F - a ring of protection from fire (right tentacle)
Scrolls
 b - a scroll of noise {unknown}
 e - 2 scrolls of enchant armour {unknown}
 f - a scroll of vulnerability {unknown}
 h - 3 scrolls of identify {unknown}
 i - a scroll of blinking {unknown}
 j - a scroll of fog {unknown}
 l - a scroll of fear {unknown}
 m - 2 scrolls of immolation {unknown}
 o - 2 scrolls of magic mapping {unknown}
 t - 2 scrolls of teleportation
Potions
 a - 2 potions of flight {unknown}
 c - a potion of resistance {unknown}
 k - a potion of ambrosia {unknown}
 p - a potion of invisibility {unknown}
 q - 3 potions of curing {unknown}
 s - a potion of magic {unknown}
 u - a potion of attraction {unknown}


   Skills:
 - Level 2.0 Dodging
 - Level 2.6 Stealth
 - Level 4.1 Spellcasting
 - Level 4.1 Conjurations
 - Level 1.0 Transmutations
 + Level 8.5 Poison Magic


You had 5 spell levels left.
You knew the following spells:

 Your Spells              Type           Power      Damage    Failure   Level
a - Sting                 Tmut/Pois      88%        1d7       1%          1
b - Poisonous Vapours     Pois/Air       40%        N/A       3%          2
c - Olgreb's Toxic Radia  Pois           36%        N/A       4%          4
x - Mephitic Cloud        Conj/Pois/Air  20%        N/A       7%          3

Your spell library contained the following spells:

 Spells                   Type           Power      Damage    Failure   Level
 Magic Dart               Conj           76%        1d6       2%          1
 Animate Skeleton         Necr           6%         N/A       14%         1
 Apportation              Tloc           6%         N/A       14%         1
 Pain                     Necr           12%        1d4       14%         1
 Summon Small Mammal      Summ           12%        N/A       14%         1
 Call Imp                 Summ           3%         N/A       21%         2
 Agony                    Necr           3%         N/A       98%         5
 Excruciating Wounds      Necr           1%         N/A       98%         5


Dungeon Overview and Level Annotations

Branches:
Dungeon (5/15)             Temple (1/1) D:4

Altars:
Ashenzari
Cheibriados
Dithmenos
Elyvilon
Hepliaklqana
Kikubaaqudgha
Makhleb
Nemelex Xobeh
Okawaru
Qazlal
Ru
Trog
Uskayaw
Wu Jian
Xom
Yredelemnul
The Shining One

Shops:
D:2 (


Innate Abilities, Weirdness & Mutations

You cannot wear most types of armour.
You are amphibious.
You can wear up to eight rings at the same time.
Your skin changes colour to match your surroundings (Stealth+).
Your rubbery body absorbs attacks. (AC +1, EV +1)
((You are camouflaged when in or above water. (Stealth+)))
You have tentacles for arms and can constrict up to eight enemies at once.


Message History

You now have 3/14 mp.
The black bear looks as sick as possible!
Your toxic aura wanes.
The ogre is engulfed in noxious fumes. x2; The ogre appears confused.
The ogre barely misses you.
You barely miss the black bear. You grab the black bear.
You constrict the black bear. The black bear bites you!
The black bear closely misses you. x2; The black bear bites you.
The black bear claws you. The black bear barely misses you.
You take 17 damage, and have 29/46 hp.
MASSIVE DAMAGE!!
Unknown command.
You hit the black bear but do no damage.
You constrict the black bear.
The ogre is engulfed in noxious fumes.
The ogre appears confused.
The ogre barely misses you.
A centaur comes into view.
The black bear goes berserk!
Unknown command.
You release your grip on the black bear.
The centaur wields a +0 shortbow.
The centaur shoots an arrow.
The arrow hits you!
* * * LOW HITPOINT WARNING * * *
The black bear bites you.
* * * LOW HITPOINT WARNING * * *
The black bear claws you.
* * * LOW HITPOINT WARNING * * *
The black bear closely misses you.
The ogre is engulfed in noxious fumes.
The ogre appears confused.
The ogre misses you.
You fly upwards.
There is a stone staircase leading down here.
You take 22 damage, and have 7/46 hp.
MASSIVE DAMAGE!!
Unknown command.
You hit the black bear. You grab the black bear. You constrict the black bear.
The black bear closely misses you.
The black bear claws you but does no damage.
The black bear claws you.
* * * LOW HITPOINT WARNING * * *
The black bear barely misses you. The black bear claws you.
You die...

### #.# #################.#
..................#
#################.# #.# #.#
#################h#
................@.#
################..##############
............(.............†....#
.#############8##############.##
.....#........>........# #.#
.....#.###...#8#######.# #.#
.....#.# #...### #...#.# #.#
####.#.# #...# #.#.#.# #.# ##
#.#.# #...# #.#.#.# #.#


You could see a black bear (berserk, very poisoned).

Levels and vault maps discovered:
D:1:      wander_arrival_peaceful_grave, layout_basic,
          ebering_ecumenical_altar_abandoned, minmay_tromino_mix6
D:2:      wad_crossroads, layout_basic, basic_altar, serial_shops, shop
D:3:      layout_basic, nemelex_dance_club_becter
D:4:      kennysheep_spiral_hall, layout_basic, temple_statues,
          nicolae_figureground_sparkle, uniq_duvessa, uniq_blork_the_orc
D:5:      layout_loops_cross, uniq_pikel, uniq_grinder
Temple:   regret_index_temple_sphere_string

Notes
Turn   | Place    | Note
-------+----------+-------------------------------------------
     0 | D:1      | Azmakalis the Octopode Venom Mage began the quest for the
                  | Orb.
     0 | D:1      | Reached XP level 1. HP: 11/11 MP: 3/3
    21 | D:1      | Identified a +0 spear
    85 | D:1      | Found a faded altar of an unknown god.
    86 | D:1      | Identified a +0 dagger
   103 | D:1      | Identified a +0 dagger
   109 | D:1      | Identified a +0 club
   114 | D:1      | Reached skill level 4 in Poison Magic
   239 | D:1      | Reached XP level 2. HP: 12/17 MP: 3/5
   242 | D:1      | Learned a level 2 spell: Poisonous Vapours
   331 | D:1      | Identified a +0 short sword
   425 | D:1      | Identified a +0 robe
   697 | D:1      | Identified a +0 club
   809 | D:1      | Identified a +0 dagger
   929 | D:1      | Identified a +0 dagger
   993 | D:1      | Identified a +0 helmet
   994 | D:1      | Identified a +0 short sword
  1072 | D:1      | Identified a +0 club
  1077 | D:1      | Reached XP level 3. HP: 19/21 MP: 3/6
  1082 | D:1      | Reached skill level 5 in Poison Magic
  1086 | D:1      | Learned a level 3 spell: Mephitic Cloud
  1477 | D:2      | Identified a +0 short sword
  1477 | D:2      | Identified a +0 dagger
  1478 | D:2      | Identified a +0 dagger
  1553 | D:2      | Identified a +0 leather armour
  1660 | D:2      | You fall into a shaft and drop 1 floor!
  1667 | D:3      | Reached XP level 4. HP: 27/27 MP: 0/7
  1734 | D:3      | Identified a ring of resist corrosion
  1856 | D:3      | Identified a +0 club
  1856 | D:3      | Identified a +0 leather armour
  1857 | D:3      | Identified a +0 club
  1857 | D:3      | Identified a +0 dagger
  1857 | D:3      | Identified a +0 robe
  1857 | D:3      | Identified a +0 whip
  1877 | D:3      | Identified a +0 dagger
  1877 | D:3      | Identified a +0 robe
  1878 | D:3      | Identified 2 scrolls of teleportation
  1887 | D:3      | Reached skill level 6 in Poison Magic
  2233 | D:3      | Identified a +0 club
  2299 | D:3      | Identified a +0 dagger
  2354 | D:3      | Reached skill level 3 in Spellcasting
  2354 | D:3      | Reached XP level 5. HP: 31/31 MP: 2/9
  2509 | D:3      | Learned a level 4 spell: Olgreb's Toxic Radiance
  2521 | D:3      | Identified an amulet of faith
  2609 | D:3      | Identified a +0 club
  2635 | D:3      | Found a sparkling altar of Nemelex Xobeh.
  3009 | D:3      | Identified a ring of protection from fire
  3330 | D:2      | Found a hazy altar of Hepliaklqana.
  3346 | D:2      | Identified a +0 hunting sling
  3408 | D:2      | Identified a +0 dagger of speed
  3895 | D:2      | Identified a +0 ring mail
  3938 | D:2      | Found Nocy's Weapon Shoppe.
  4204 | D:2      | Identified a ring of flight
  4390 | D:4      | Noticed a black bear
  4431 | D:4      | Identified a +0 dagger
  4504 | D:4      | Reached skill level 4 in Spellcasting
  4681 | D:4      | Identified a +0 flail
  4709 | D:4      | Identified a +0 short sword
  4709 | D:4      | Identified a +0 leather armour
  4709 | D:4      | Noticed Duvessa
  4709 | D:4      | Identified a +0 dagger
  4709 | D:4      | Identified a +0 robe
  4709 | D:4      | Noticed Dowan
  4899 | D:4      | Identified a +0 giant club
  4899 | D:4      | Noticed an ogre
  4918 | D:4      | Killed an ogre
  4919 | D:4      | Reached skill level 2 in Conjurations
  4919 | D:4      | Reached XP level 6. HP: 12/36 MP: 3/12
  5138 | D:4      | Identified a +0 trident of freezing
  5138 | D:4      | Identified a +0 leather armour
  5239 | D:4      | Killed a black bear
  5240 | D:4      | Reached skill level 3 in Conjurations
  5523 | D:4      | Identified a +0 battleaxe
  5523 | D:4      | Identified a +0 robe
  5523 | D:4      | Noticed Blork the orc
  5533 | D:4      | Killed Blork the orc
  5534 | D:4      | Reached skill level 4 in Conjurations
  5534 | D:4      | Reached XP level 7. HP: 41/41 MP: 3/13
  5538 | D:4      | Identified a +0 mace
  5538 | D:4      | Identified a +0 leather armour
  5539 | D:4      | Identified a +0 whip
  5539 | D:4      | Identified a +0 ring mail
  5542 | D:4      | Identified a +2 whip of electrocution
  5542 | D:4      | Identified a +0 leather armour
  5619 | D:4      | Identified a +0 hand axe
  5619 | D:4      | Identified a +0 ring mail
  6021 | D:4      | Identified a +0 club
  6021 | D:4      | Identified a +0 ring mail
  6023 | D:4      | Identified a +0 mace
  6023 | D:4      | Identified a +0 leather armour
  6024 | D:4      | Identified a +0 dagger
  6024 | D:4      | Identified a +0 robe
  6039 | D:4      | Identified a +0 dagger
  6039 | D:4      | Identified a +0 robe
  6048 | D:4      | Reached skill level 7 in Poison Magic
  6288 | D:4      | Found a staircase to the Ecumenical Temple.
  6294 | Temple   | Entered the Ecumenical Temple
  7203 | D:4      | Killed Dowan
  7214 | D:4      | Killed Duvessa
  7215 | D:4      | Reached skill level 8 in Poison Magic
  7215 | D:4      | Reached XP level 8. HP: 46/46 MP: 1/14
  7407 | D:5      | Entered Level 5 of the Dungeon
  7408 | D:5      | Identified a +0 giant spiked club
  7415 | D:5      | Identified a +0 shortbow
  7416 | D:5      | HP: 7/46 [black bear (5)]
  7418 | D:4      | HP: 1/46 [black bear (6)]
  7418 | D:4      | Slain by a black bear

Table legend: (Time is in decaauts)
 A = Elapsed time spent in this place.
 B = Non-inter-level travel time spent in this place.
 C = Inter-level travel time spent in this place.
 D = Time resting spent in this place.
 E = Time spent auto-exploring this place.
 F = Levels seen in this place.
 G = Mean time per level.
                   A        B        C        D        E       F      G
               +--------+--------+--------+--------+--------+-----+--------+
         Total |   7435 |   7050 |    385 |    321 |   5759 |   6 | 1239.2 |
       Dungeon |   7263 |   6905 |    358 |    321 |   5630 |   5 | 1452.6 |
        Temple |    171 |    144 |     27 |      0 |    129 |   1 |  171.0 |
               +--------+--------+--------+--------+--------+-----+--------+

Top non-repeatable levels by time:
     D:4: 2817 daAuts
     D:3: 1541 daAuts
     D:1: 1520 daAuts
     D:2: 1374 daAuts
  Temple: 171 daAuts
     D:5: 10 daAuts

Table legend:
 A = Kills in this place as a percentage of kills in entire the game.
 B = Kills by you in this place as a percentage of kills by you in the entire game.
 C = Kills by friends in this place as a percentage of kills by friends in the entire game.
 D = Other kills in this place as a percentage of other kills in the entire game.
 E = Experience gained in this place as a percentage of experience gained in the entire game.
 F = Experience gained in this place divided by the number of levels of this place that you have seen.
                   A       B       C       D       E      F
               +-------+-------+-------+-------+-------+----------------------
         Total | 100.0 | 100.0 |   N/A |   N/A | 100.0 | 208.8
       Dungeon | 100.0 | 100.0 |   N/A |   N/A | 100.0 | 250.6
               +-------+-------+-------+-------+-------+----------------------

Skill      XL: |  1  2  3  4  5  6  7 |
---------------+----------------------+-----
Poison Magic   | 4 5 6 8 |  8.5
Spellcasting   | 3 4 |  4.1
Conjurations   | 2 4 |  4.1
Dodging        | |  2.0
Stealth        | |  2.6
Transmutations | |  1.0

Action                   |  1- 3 |  4- 6 |  7- 9 || total
-------------------------+-------+-------+-------++-------
Melee: Dagger            |    40 |       |       ||    40
       Unarmed           |     3 |       |       ||     3
       Constrict         |     7 |    19 |    10 ||    36
       Tentacles         |     5 |    17 |    10 ||    32
       Spear             |     7 |    88 |       ||    95
       Punch             |       |     3 |       ||     3
       Trident           |       |    10 |    11 ||    21
       Whip              |       |       |    25 ||    25
 Cast: Sting             |     1 |       |       ||     1
       Poisonous Vapours |    24 |    51 |    29 ||   104
       Mephitic Cloud    |       |     1 |     2 ||     3
       Olgreb's Toxic Ra |       |       |     3 ||     3
  Use: Scroll            |       |     1 |       ||     1
 Stab: Sleeping          |     6 |     5 |       ||    11
       Distracted        |       |     1 |       ||     1
       Confused          |       |       |     1 ||     1
Armor: Skin              |     1 |     5 |     2 ||     8
Dodge: Dodged            |    32 |    39 |    23 ||    94

Vanquished Creatures
  Duvessa (D:4)
  A black bear (D:4)
  An ogre (D:4)
  Blork the orc (D:4)
  2 scorpions (D:4)
  Dowan (D:4)
  2 orc priests
  4 orc wizards
  An iguana (D:4)
  7 adders
  A gnoll (D:1)
  A worm (D:4)
  A dart slug (D:1)
  11 orcs
  6 endoplasms
  2 giant cockroaches (D:4)
  7 goblins
  11 hobgoblins
  2 quokkas
  14 ball pythons
  10 bats
  2 frilled lizards
  6 kobolds
  3 rats
98 creatures vanquished.
